 Dungeon Crawl Stone Soup version 0.31-a0-965-g8a8ce12e04 (webtiles) character file.

Game seed: 1131328763503016052

84 mightbedylan the Magician (level 4, -4/21 HPs)
             Began as a Spriggan Venom Mage on Oct 23, 2023.
             Was a Follower of Dithmenos.
             Killed from afar by a white imp (10 damage)
             ... with a puff of frost
             ... on level 4 of the Dungeon on Oct 26, 2023.
             The game lasted 00:13:05 (1387 turns).

mightbedylan the Magician (Spriggan Venom Mage)     Turns: 1387, Time: 00:13:05

Health: -4/21      AC:  2    Str:  4    XL:     4   Next: 23%
Magic:  10/10      EV: 18    Int: 16    God:    Dithmenos [*.....]
Gold:   57         SH:  0    Dex: 17    Spells: 7/10 levels left

rFire   . . .        c - +1 dagger (venom)
rCold   . . .        (no shield)
rNeg    . . .        a - +0 robe
rPois   .            (helmet restricted)
rElec   .            (no cloak)
rCorr   .            (gloves unavailable)
SInv    +            (boots unavailable)
Will    .....        (no amulet)
Stlth   +++          (no ring)
HPRegen 0.23/turn    (no ring)
MPRegen 0.12/turn

%: no passive effects
@: wreathed by umbra, very quick
A: very small, no large weapons, unfitting armour, see invisible, speed 3
a: Renounce Religion


You were on level 4 of the Dungeon.
You worshipped Dithmenos.
Dithmenos was aware of your devotion.
You visited 1 branch of the dungeon, and saw 3 of its levels.

You collected 57 gold pieces.

Inventory:

Hand Weapons
 c - a +1 dagger of venom (weapon)
Armour
 a - a +0 robe (worn)
Jewellery
 g - an amulet of the acrobat
Scrolls
 d - a scroll of identify
 e - a scroll of noise
Potions
 b - a potion of magic
 f - 3 potions of heal wounds
 h - a potion of mutation {unknown}
 i - a potion of cancellation {unknown}


   Skills:
 + Level 0.7 Fighting
 + Level 1.1 Short Blades
 + Level 3.3 Dodging
 - Level 3.3 Stealth
 * Level 3.7 Spellcasting
 - Level 1.8 Transmutations
 * Level 3.6 Poison Magic


You had 7 spell levels left.
You knew the following spells:

 Your Spells              Type           Power      Damage    Failure   Level
a - Sting                 Tmut/Pois      44%        1d5       5%          1
b - Poisonous Vapours     Pois/Air       16%        N/A       12%         2

Your spell library contained the following spells:

 Spells                   Type           Power      Damage    Failure   Level
 Mephitic Cloud           Conj/Pois/Air  6%         N/A       32%         3
 Olgreb's Toxic Radiance  Pois           14%        N/A       36%         4


Dungeon Overview and Level Annotations

Branches:
Dungeon (2/15)

Altars:
Dithmenos

Shops:
D:4 (


Innate Abilities, Weirdness & Mutations

You are very small and have problems with some larger weapons.
You are too small for most types of armour.
You have supernaturally acute eyesight. (SInv)
You cover ground extremely quickly. (Speed+++)


Message History

Dithmenos accepts your kill.
Magic restored.
You see here a ball python corpse.
Found a hand axe.
h - a fizzy black potion
Found Yreguorph's Weapon Boutique.
i - a fizzy yellow potion You open the door.
There is an open door here.
There is an entrance to Yreguorph's Weapon Boutique here.
There is an open door here.
You open the door.
There is an open door here.
A white imp comes into view.
A white imp is nearby!
Casting: Poisonous Vapours (safe; 12% risk of failure)
Confirm with . or Enter, or press ? or * to list all spells.
You can't see any susceptible monsters within range! (Use Z to cast anyway.)
Casting: Poisonous Vapours (safe; 12% risk of failure)
Confirm with . or Enter, or press ? or * to list all spells.
You can't see any susceptible monsters within range! (Use Z to cast anyway.) Unknown command.
Casting: Poisonous Vapours (safe; 12% risk of failure)
Confirm with . or Enter, or press ? or * to list all spells.
You can't see any susceptible monsters within range! (Use Z to cast anyway.)
The white imp shouts, "Decamp, thou euchred sow-suckled quarter-pint!"
Found an escape hatch in the floor.
A jelly comes into view.
The white imp gestures at you. The puff of frost hits you!
A giant cockroach comes into view.
You hit the white imp but do no damage.
The giant cockroach waves its antennae.
The white imp gestures at you. The puff of frost hits you!
* * * LOW HITPOINT WARNING * * *
You hit the white imp but do no damage.
The white imp is poisoned.
The white imp gestures at you. The puff of frost hits you!
You die...

#. #....#
#.##....### #
.........#..
B..J..... .......
#....# #.##.5..#
#....@.># +##
#####.#### #####.##
#....## #.'∩#..#
##.##..## ##.###...
#.......###..).....
#.#.......'........
#.......###........
##.#...## ##.......
##...#######.....#


You could see a jelly, a white imp (very poisoned) and a giant cockroach.

Vanquished Creatures
  A scorpion (D:4)
  A bat (D:1)
  2 endoplasms (D:1)
  3 goblins (D:1)
  3 hobgoblins
  3 jackals (D:2)
  2 quokkas (D:1)
  3 ball pythons
  4 kobolds (D:1)
  3 rats
25 creatures vanquished.

Notes
Turn   | Place    | Note
-------+----------+-------------------------------------------
     0 | D:1      | mightbedylan the Spriggan Venom Mage began the quest for
                  | the Orb.
     0 | D:1      | Reached XP level 1. HP: 9/9 MP: 5/5
     0 | D:1      | Upgraded the game from 0.31-a0-960-g0fca184906 to
                  | 0.31-a0-965-g8a8ce12e04
   253 | D:1      | Reached XP level 2. HP: 13/13 MP: 1/6
   256 | D:1      | Learned a level 2 spell: Poisonous Vapours
   780 | D:1      | Found a faded altar of an unknown god.
   890 | D:1      | Prayed at the altar of an unknown god.
   890 | D:1      | Became a worshipper of Dithmenos the Shadowed
   890 | D:1      | Reached * piety under Dithmenos
  1273 | D:2      | You fall into a shaft and drop 2 floors!
  1274 | D:4      | Noticed a scorpion
  1282 | D:4      | Killed a scorpion
  1283 | D:4      | Reached skill level 1 in Short Blades
  1283 | D:4      | Reached XP level 3. HP: 17/17 MP: 5/9
  1283 | D:4      | Reached XP level 4. HP: 21/21 MP: 5/10
  1345 | D:4      | Found Yreguorph's Weapon Boutique.
  1387 | D:4      | Killed from afar by a white imp

Illustrated notes

Levels and vault maps discovered:
D:1:      wander_arrival_estate, layout_rooms,
          shapermc_ecumenical_altar_mp_ritualfount
D:2:      layout_loops_ring, minmay_pentomino_r4
D:4:      layout_loops_corners, serial_shops, nicolae_shop_window_shopping,
          minmay_divided_ellipse

Skill      XL: |  1  2 |
---------------+-------+-----
Spellcasting   | 3 |  3.7
Dodging        | 3 |  3.3
Short Blades   | 1 |  1.1
Fighting       | |  0.7
Stealth        | |  3.3
Transmutations | |  1.8
Poison Magic   | |  3.6

Action                     |  1- 3 |  4- 6 || total
---------------------------+-------+-------++-------
  Melee: Dagger            |    21 |     3 ||    24
         Unarmed           |     2 |       ||     2
   Cast: Sting             |    22 |       ||    22
         Poisonous Vapours |    13 |     1 ||    14
    Use: Scroll            |     2 |       ||     2
 Armour: Robe              |     8 |     3 ||    11
  Dodge: Dodged            |    24 |     2 ||    26

Table legend: (Time is in decaauts)
 A = Elapsed time spent in this place.
 B = Non-inter-level travel time spent in this place.
 C = Inter-level travel time spent in this place.
 D = Time resting spent in this place.
 E = Time spent auto-exploring this place.
 F = Levels seen in this place.
 G = Mean time per level.
                   A        B        C        D        E       F      G
               +--------+--------+--------+--------+--------+-----+--------+
         Total |   1040 |   1028 |     12 |     80 |    675 |   3 |  346.7 |
       Dungeon |   1040 |   1028 |     12 |     80 |    675 |   3 |  346.7 |
               +--------+--------+--------+--------+--------+-----+--------+

Top non-repeatable levels by time:
     D:1: 708 daAuts
     D:2: 241 daAuts
     D:4: 91 daAuts
